 Dungeon Crawl Stone Soup version 0.23-a0-261-g133332c (console) character file.

377 nht the Cudgeler (level 6, -4/62 HPs)
             Began as an Ogre Berserker on Sept 29, 2018.
             Was a Priest of Trog.
             Engulfed by a cloud of flame (23 damage)
             ... on level 4 of the Dungeon.
             The game lasted 00:04:22 (3002 turns).

nht the Cudgeler (Ogre Berserker)                   Turns: 3002, Time: 00:04:24

Health: -4/62      AC:  7    Str: 24    XL:     6   Next: 73%
Magic:  6/6        EV: 10    Int:  8    God:    Trog [***...]
Gold:   299        SH:  0    Dex:  8    Spells: 5/5 levels left

rFire    . . .     SeeInvis .   a - +0 flail
rCold    . . .     Gourm    .   (no shield)
rNeg     . . .     Faith    .   b - +0 animal skin
rPois    .         Spirit   .   (helmet restricted)
rElec    .         Reflect  .   (no cloak)
rCorr    +         Harm     .   (gloves unavailable)
MR       .....                  (boots unavailable)
Stlth    +.........             (no amulet)
HPRegen  0.20/turn              p - +4 ring of protection
MPRegen  0.10/turn              j - ring of resist corrosion

@: no status effects
A: large, unfitting armour, tough skin 1
a: Berserk, Trog's Hand, Renounce Religion


You were on level 4 of the Dungeon.
You worshipped Trog.
Trog was most pleased with you.
You were not hungry.

You visited 1 branch of the dungeon, and saw 4 of its levels.

You collected 299 gold pieces.

Inventory:

Hand Weapons
 a - a +0 flail (weapon)
 A - a +0 blowgun
Missiles
 e - 8 poisoned needles
 x - 6 tomahawks (quivered)
Armour
 b - a +0 animal skin (worn)
Jewellery
 d - an uncursed ring of ice
 j - a ring of resist corrosion (right hand)
 o - an uncursed ring of stealth
 p - a +4 ring of protection (left hand)
 B - an uncursed ring of positive energy {unknown}
Scrolls
 h - a scroll of teleportation
 q - 4 scrolls of identify
 s - a scroll of fog {unknown}
 t - 3 scrolls of magic mapping {unknown}
 w - a scroll of remove curse
 y - a scroll of enchant weapon {unknown}
Potions
 g - 2 potions of invisibility {unknown}
 i - 2 potions of might {unknown}
 k - 2 potions of mutation {unknown}
 l - 2 potions of haste {unknown}
 m - a potion of degeneration {unknown}
 n - a potion of ambrosia {unknown}
 r - 5 potions of curing {unknown}
 u - a potion of resistance {unknown}
 v - 2 potions of lignification {unknown}
 C - a potion of heal wounds
Comestibles
 c - 2 rations
 z - 6 chunks of flesh


   Skills:
 - Level 4.0 Fighting
 + Level 6.7 Maces & Flails
 - Level 2.6 Dodging


You had 5 spell levels left.
You didn't know any spells.
Your spell library was empty.

Dungeon Overview and Level Annotations

Branches:
Dungeon (4/15)
 Temple: D:4-7

Altars:
Makhleb


Innate Abilities, Weirdness & Mutations

You are too large for most types of armour.
You have tough skin. (AC +1)


Message History

The phantom blinks!
The orc misses you.
You hit the orc but do no damage.
The orc is heavily wounded.
The orc hits you but does no damage.
You hit the orc.
The orc explodes!
The fiery explosion engulfs the orc.
The orc explodes!
The fiery explosion engulfs the orc.
The orc explodes!
The fiery explosion engulfs the orc.
The orc explodes!
The fiery explosion engulfs the orc priest.
The orc priest explodes!
Trog accepts your kill. x4
The fiery explosion engulfs you!
Ouch! That really hurt!
Trog accepts your kill.
You are engulfed in blazing flames.
You die...

███████........ .█
......█......█████ .█
.███.............██.███
.███..█......██........
......█......█......█
████.███████.██...█.█ █
█.███ █..>.....█ █
█...█ █████.████ █
███.█ █@█ █ █.█ █§█ █
█.█ █§§§█ █ █.█ █§§§§§█
█ ██.██ █.%§.§.%█
█████...████%...W%.%.█
......[....+.........+
█████...████......?.%█
██.██ ██.......██


You could see a phantom (inner flame).

Vanquished Creatures
  3 orc priests (D:4)
  3 orc wizards
  A howler monkey skeleton (D:4)
  4 gnolls (D:3)
  4 adders
  An ooze (D:3)
  A worm (D:2)
  6 dart slugs
  3 leopard geckos
  12 orcs
  2 giant cockroaches
  6 goblins
  6 hobgoblins
  3 jackals (D:3)
  A ball python (D:1)
  11 bats
  10 frilled lizards
  10 kobolds
  11 rats
98 creatures vanquished.

Notes
Turn   | Place    | Note
-------+----------+-------------------------------------------
     0 | D:1      | nht the Ogre Berserker began the quest for the Orb.
     0 | D:1      | Reached XP level 1. HP: 24/24 MP: 1/1
    32 | D:1      | Reached skill level 3 in Maces & Flails
   266 | D:1      | Reached XP level 2. HP: 31/32 MP: 2/2
   434 | D:1      | Reached ** piety under Trog
   660 | D:1      | Reached XP level 3. HP: 36/39 MP: 3/3
   897 | D:1      | Reached skill level 4 in Maces & Flails
  1247 | D:2      | Found a burning altar of Makhleb.
  1258 | D:2      | Reached XP level 4. HP: 48/48 MP: 4/4
  1398 | D:2      | Reached *** piety under Trog
  1854 | D:3      | Reached skill level 5 in Maces & Flails
  1863 | D:3      | Reached XP level 5. HP: 42/54 MP: 5/5
  2436 | D:3      | Reached XP level 6. HP: 47/62 MP: 6/6
  2726 | D:4      | Reached skill level 6 in Maces & Flails
  2991 | D:4      | Noticed a phantom
  3002 | D:4      | Engulfed by a cloud of flame

Vault maps used:
D:1:      dpeg_arrival_ratfight, minmay_cut_off
D:2:      bloody_makhleb, first_ration
D:4:      cheibrodos_helix_gallery

Skill      XL: |  1  2  3  4  5  6 |
---------------+-------------------+-----
Maces & Flails | 3 4 5 6 |  6.7
Fighting       | |  4.0
Dodging        | |  2.6

Action                   |  1- 3 |  4- 6 || total
-------------------------+-------+-------++-------
Melee: Mace              |   121 |    38 ||   159
       Flail             |       |   120 ||   120
Throw: Tomahawk          |       |     1 ||     1
Invok: Berserk           |       |     5 ||     5
  Use: Scroll            |     2 |     2 ||     4
       Potion            |       |     1 ||     1
 Stab: Sleeping          |       |     1 ||     1
  Eat: Chunk             |     1 |    10 ||    11
Armor: Animal skin       |    56 |    71 ||   127
Dodge: Dodged            |    70 |   100 ||   170

Table legend:
 A = Non-vault XP
 B = Vault XP
 C = Vault XP percentage of total XP
 D = Non-vault monster count
 E = Vault monster count
 F = Vault count percentage of total count
                 A         B        C        D         E       F
            +---------+---------+-------+---------+---------+-------
      Total |     527 |      12 |   2.2 |      89 |       9 |   9.2
            +---------+---------+-------+---------+---------+-------
        D:1 |      44 |      12 |  21.4 |      26 |       9 |  25.7
        D:2 |      66 |       0 |   0.0 |      22 |       0 |   0.0
        D:3 |     199 |       0 |   0.0 |      28 |       0 |   0.0
        D:4 |     218 |       0 |   0.0 |      13 |       0 |   0.0
            +---------+---------+-------+---------+---------+-------
